 Dungeon Sprint DCSS version 0.16-a0-4088-g7c8221e (console) character file.

9300000 Monkaria the Axe Maniac (level 27, -13/272 (273) HPs)
             Began as a Ghoul Fighter on Feb 23, 2015.
             Was the Champion of Makhleb.
             Killed by dispel undead
             ... invoked by a wretched soul
              (83 damage)
             ... in the Dungeon (Sprint VIII: "Arena of Blood").
             The game lasted 00:03:40 (93 turns).

Monkaria the Axe Maniac (Ghoul Fighter)               Turns: 93, Time: 00:03:41

HP:   -13/272 (273) AC: 13    Str: 24    XL:     27
MP:   22/49         EV: 24    Int:  8    God:    Makhleb [******]
Gold: 0             SH:  0    Dex: 12    Spells: 0 memorised, 80 levels left

rFire  . . .     SeeInvis .     i - +∞ Axe of Woe
rCold  + . .     Clarity  .     b - +0 scale mail
rNeg   + + +     SustAb   .     (no shield)
rPois  ∞         Gourm    .     (no helmet)
rElec  .         Spirit   .     (no cloak)
rCorr  .         Warding  .     (no gloves)
rMut   .         NoTele   +     (no boots)
MR     ++...                    (no amulet)
Stlth  ++++++++..               (no ring)
                                (no ring)

@: very slightly contaminated, rotting, very resistant to hostile enchantments,
extraordinarily stealthy
A: rotting body, claws 1, carnivore 3, cold resistance 1, negative energy
resistance 3, poison resistance, slow healing 1, torment resistance, unbreathing
a: Minor Destruction, Lesser Servant of Makhleb, Major Destruction, Greater
Servant of Makhleb, Renounce Religion


You were in the Dungeon.
You worshipped Makhleb.
Makhleb was exalted by your worship.
You were not hungry.

You visited 1 branch

Inventory:

Hand weapons
 a - a +0 war axe
 i - the +∞ Axe of Woe (weapon)
   (You found it in the Dungeon)
Armour
 b - a +0 scale mail (worn)
 c - a +0 shield
Scrolls
 j - a scroll of blinking
Potions
 d - a potion of curing
 e - a potion of might
 f - a potion of heal wounds
 h - 2 potions of magic


   Skills:
 O Level 27 Fighting
 O Level 27 Axes
 O Level 27 Throwing
 O Level 27 Armour
 O Level 27 Dodging
 O Level 27 Stealth
 O Level 27 Shields
 O Level 27 Unarmed Combat
 O Level 27 Spellcasting
 O Level 27 Invocations


You had 80 spell levels left.
You didn't know any spells.

Dungeon Overview and Level Annotations

Branches:
Dungeon (1/1)

Altars:
Makhleb


Innate Abilities, Weirdness & Mutations

Your body is rotting away.
You thrive on raw meat.
You have sharp fingernails.
You are carnivorous and can eat meat at any time.
Your flesh is cold resistant.
You are immune to negative energy.
Your system is resistant to poisons.
You heal slowly when monsters are visible.
You are immune to unholy pain and torment.
You can survive without breathing.


Message History

Reactivating autopickup.
You feel a bit more experienced.
You slash the large abomination!
You dissect the large abomination like a pig carcass.
You destroy the large abomination!
Makhleb accepts your kill.
You feel a little better.
You chop the meat beast into pieces!!!
You pulverise the meat beast into a thin bloody mist.
You kill the meat beast!
Makhleb accepts your kill.
You feel a little better.
You hear a shout! x5
Unknown command.
You hear a shout! x4
The sculptor of flesh hits you with a +9 great sword!!!!!
Ouch! That really hurt!
* * * LOW HITPOINT WARNING * * *
You hear a shout! x7
Deactivating autopickup; reactivate with Ctrl-A.
You convulse!
You die...

..###%.. ...###..
.......###..%..o
#........_......
......#))%.%#
.......#_)<)_# .
..%....#))%%)#.....
.#.....)C)_%..%.....
oo.....))z###.o.....
....###X@o.%..###..
.. #§).....# .
#§§W..%.#
..§........
.............
........%......
.............
...#........
..........


You could see a sculptor of flesh, a large bag of meat (inner flame), a large
abomination, a dread and 3 bags of meat.

Vanquished Creatures
  Harold (D)
  7 hell beasts (D)
  6 hill giants (D)
  A hydra (D)
  2 liches (D)
  17 ogres (D)
  43 orcs (D)
  A phantom (D)
  5 skeletal warriors (D)
  6 vampire knights (D)
  2 wraiths (D)
  4 small abominations (D)
  6 large abominations (D)
  5 crawling corpses (D)
106 creatures vanquished.

Vanquished Creatures (others)
  2 crawling corpses (D)
2 creatures vanquished.

Grand Total: 108 creatures vanquished

Notes
Turn   | Place    | Note
--------------------------------------------------------------
     0 | D        | Monkaria, the Ghoul Fighter, began the quest for the Orb.
     0 | D        | Reached XP level 1. HP: 19/19 MP: 1/1
     2 | D        | Noticed a bag of meat
     2 | D        | Noticed a bag of meat
     4 | D        | Noticed a bag of meat
     4 | D        | Noticed a bag of meat
     4 | D        | Noticed a bag of meat
     7 | D        | Noticed a bag of meat
     7 | D        | Noticed a bag of meat
     8 | D        | Noticed a bag of meat
    10 | D        | Became a worshipper of Makhleb the Destroyer
    12 | D        | Killed a bag of meat
    12 | D        | Reached skill level 17 in Fighting
    12 | D        | Reached skill level 19 in Axes
    12 | D        | Reached XP level 2. HP: 22/51 MP: 2/2
    12 | D        | Reached XP level 3. HP: 25/58 MP: 3/3
    12 | D        | Reached XP level 4. HP: 28/66 MP: 3/3
    12 | D        | Reached XP level 5. HP: 30/73 MP: 4/4
    12 | D        | Reached XP level 6. HP: 33/81 MP: 5/5
    12 | D        | Reached XP level 7. HP: 35/88 MP: 5/5
    12 | D        | Reached XP level 8. HP: 37/95 MP: 6/6
    12 | D        | Reached XP level 9. HP: 40/103 MP: 7/7
    12 | D        | Reached XP level 10. HP: 43/111 MP: 7/7
    12 | D        | Reached XP level 11. HP: 45/117 MP: 8/8
    13 | D        | Killed a bag of meat
    13 | D        | Acquired Makhleb's first power
    13 | D        | Reached skill level 22 in Axes
    13 | D        | Reached XP level 12. HP: 47/130 MP: 9/9
    13 | D        | Killed a bag of meat
    13 | D        | Reached skill level 24 in Axes
    13 | D        | Reached XP level 13. HP: 49/143 MP: 9/9
    14 | D        | Noticed a bag of meat
    14 | D        | Killed a bag of meat
    14 | D        | Acquired Makhleb's second power
    14 | D        | Reached skill level 25 in Axes
    14 | D        | Reached XP level 14. HP: 52/154 MP: 10/10
    15 | D        | Killed a bag of meat
    15 | D        | Reached skill level 26 in Axes
    16 | D        | Noticed a meat berserker
    16 | D        | Killed a bag of meat
    16 | D        | Acquired Makhleb's third power
    16 | D        | Reached skill level 27 in Axes
    16 | D        | Reached XP level 15. HP: 125/170 MP: 11/11
    17 | D        | Noticed a bag of meat
    17 | D        | Killed a meat berserker
    17 | D        | Reached skill level 27 in Fighting
    17 | D        | Reached skill level 5 in Armour
    18 | D        | Noticed a meat berserker
    19 | D        | Killed a bag of meat
    20 | D        | Noticed a bag of meat
    21 | D        | Noticed a bag of meat
    21 | D        | Noticed a bag of meat
    22 | D        | Noticed a bag of meat
    25 | D        | Noticed a bag of meat
    26 | D        | Noticed a meat berserker
    28 | D        | Noticed a meat berserker
    28 | D        | Killed a meat berserker
    28 | D        | Acquired Makhleb's fourth power
    28 | D        | Reached skill level 10 in Dodging
    28 | D        | Reached XP level 16. HP: 183/183 MP: 11/11
    28 | D        | Killed a bag of meat
    29 | D        | Noticed a large bag of meat
    30 | D        | Killed a meat berserker
    30 | D        | Killed a bag of meat
    30 | D        | Acquired Makhleb's fifth power
    30 | D        | Reached skill level 15 in Dodging
    31 | D        | Noticed a large bag of meat
    31 | D        | Killed a bag of meat
    31 | D        | Reached XP level 17. HP: 191/191 MP: 12/12
    32 | D        | Killed a bag of meat
    33 | D        | Killed a bag of meat
    34 | D        | Noticed a bag of meat
    34 | D        | Noticed a bag of meat
    34 | D        | Killed a bag of meat
    35 | D        | Noticed a sculptor of flesh
    35 | D        | Killed a bag of meat
    35 | D        | Reached XP level 18. HP: 200/200 MP: 13/13
    36 | D        | Noticed a sculptor of flesh
    37 | D        | Noticed a destroyer
    37 | D        | Noticed a bag of meat
    37 | D        | Noticed a meat berserker
    38 | D        | Killed a meat berserker
    38 | D        | Reached skill level 27 in Armour
    39 | D        | Noticed a bag of meat
    39 | D        | Noticed a meat berserker
    39 | D        | Killed a sculptor of flesh
    40 | D        | Killed a large bag of meat
    41 | D        | Noticed a bag of meat
    42 | D        | Killed a destroyer
    42 | D        | Reached skill level 27 in Dodging
    44 | D        | Killed a large bag of meat
    44 | D        | Reached skill level 10 in Stealth
    44 | D        | Reached XP level 19. HP: 207/207 MP: 13/32
    44 | D        | Killed a meat berserker
    45 | D        | Noticed a destroyer
    45 | D        | Noticed a meat berserker
    45 | D        | Noticed a sculptor of flesh
    45 | D        | Noticed a bag of meat
    45 | D        | Noticed a bag of meat
    45 | D        | Noticed a bag of meat
    45 | D        | Noticed a meat berserker
    45 | D        | Noticed a large bag of meat
    45 | D        | Noticed a large bag of meat
    45 | D        | Noticed The Servant
    46 | D        | Noticed a bag of meat
    47 | D        | Noticed a destroyer
    48 | D        | Killed a sculptor of flesh
    48 | D        | Reached skill level 15 in Stealth
    48 | D        | Killed a bag of meat
    49 | D        | Noticed a bag of meat
    49 | D        | Killed a bag of meat
    50 | D        | Noticed a sculptor of flesh
    51 | D        | Noticed a bag of meat
    51 | D        | Noticed a sculptor of flesh
    51 | D        | Killed a destroyer
    51 | D        | Reached XP level 20. HP: 216/216 MP: 14/40
    51 | D        | Killed a meat berserker
    51 | D        | Killed a meat berserker
    51 | D        | Reached skill level 27 in Invocations
    51 | D        | Killed a bag of meat
    53 | D        | Noticed a tyrant
    53 | D        | Killed a meat berserker
    53 | D        | Reached skill level 27 in Stealth
    53 | D        | Reached skill level 10 in Shields
    54 | D        | Noticed a bag of meat
    57 | D        | Killed The Servant
    57 | D        | Reached skill level 10 in Throwing
    57 | D        | Killed a large bag of meat
    57 | D        | Killed a bag of meat
    57 | D        | Reached XP level 21. HP: 188/224 MP: 15/41
    57 | D        | Killed a destroyer
    57 | D        | Reached skill level 15 in Throwing
    57 | D        | Killed a bag of meat
    58 | D        | Killed a bag of meat
    58 | D        | Killed a sculptor of flesh
    59 | D        | Noticed a destroyer
    59 | D        | Killed a bag of meat
    60 | D        | Noticed a meat berserker
    60 | D        | Noticed a bag of meat
    60 | D        | Killed a bag of meat
    61 | D        | Noticed a bag of meat
    61 | D        | Noticed a destroyer
    61 | D        | Noticed a bag of meat
    61 | D        | Killed a bag of meat
    61 | D        | Reached XP level 22. HP: 233/233 MP: 15/42
    61 | D        | Killed a destroyer
    61 | D        | Reached skill level 27 in Shields
    61 | D        | Killed a bag of meat
    61 | D        | Killed a sculptor of flesh
    61 | D        | Killed a large bag of meat
    61 | D        | Reached skill level 27 in Throwing
    62 | D        | Noticed a meat berserker
    62 | D        | Killed a bag of meat
    62 | D        | Reached skill level 10 in Spellcasting
    63 | D        | Killed a destroyer
    64 | D        | Noticed a bag of meat
    64 | D        | Killed a sculptor of flesh
    64 | D        | Reached skill level 15 in Spellcasting
    66 | D        | Noticed a meat berserker
    66 | D        | Noticed a bag of meat
    67 | D        | Noticed a meat berserker
    67 | D        | Noticed a meat beast
    68 | D        | Noticed a tyrant
    68 | D        | Noticed a bag of meat
    69 | D        | Killed a tyrant
    69 | D        | Reached XP level 23. HP: 128/240 MP: 16/42
    69 | D        | Killed a bag of meat
    69 | D        | Killed a meat berserker
    69 | D        | Killed a meat berserker
    69 | D        | Killed a meat berserker
    70 | D        | Noticed a bag of meat
    70 | D        | Killed a bag of meat
    71 | D        | Noticed a meat berserker
    71 | D        | Killed a bag of meat
    71 | D        | Killed a bag of meat
    72 | D        | Killed a meat beast
    72 | D        | Killed a bag of meat
    72 | D        | Reached skill level 27 in Spellcasting
    72 | D        | Reached XP level 24. HP: 249/249 MP: 17/48
    72 | D        | Killed a bag of meat
    72 | D        | Reached skill level 27 in Unarmed Combat
    72 | D        | Killed a meat berserker
    73 | D        | Noticed a bag of meat
    73 | D        | Noticed a bag of meat
    73 | D        | Noticed a meat beast
    73 | D        | Noticed a dread
    73 | D        | Killed a bag of meat
    74 | D        | Noticed a meat berserker
    74 | D        | Noticed a bag of meat
    75 | D        | Noticed a bag of meat
    75 | D        | Noticed a bag of meat
    75 | D        | Noticed a meat beast
    75 | D        | Killed a meat berserker
    75 | D        | Killed a bag of meat
    76 | D        | Noticed a bag of meat
    76 | D        | Noticed a large bag of meat
    76 | D        | Killed a meat beast
    77 | D        | Noticed a bag of meat
    77 | D        | Noticed a bag of meat
    77 | D        | Killed a bag of meat
    78 | D        | Noticed a meat berserker
    78 | D        | Killed a meat beast
    78 | D        | Killed a bag of meat
    78 | D        | Reached XP level 25. HP: 257/257 MP: 18/48
    78 | D        | Killed a bag of meat
    78 | D        | Killed a bag of meat
    79 | D        | Noticed a meat beast
    79 | D        | Noticed a meat berserker
    79 | D        | Killed a tyrant
    79 | D        | Killed a large bag of meat
    80 | D        | Killed a meat berserker
    81 | D        | Noticed a meat berserker
    81 | D        | Noticed an eight-headed meat hydra
    81 | D        | Noticed a bag of meat
    81 | D        | Noticed a destroyer
    82 | D        | Killed a meat beast
    82 | D        | Killed a bag of meat
    82 | D        | Killed a bag of meat
    82 | D        | Killed a bag of meat
    83 | D        | Noticed a sculptor of flesh
    83 | D        | Noticed a meat beast
    83 | D        | Killed a bag of meat
    83 | D        | Reached XP level 26. HP: 265/265 MP: 19/48
    83 | D        | Killed a dread
    83 | D        | Killed a bag of meat
    84 | D        | Noticed a meat beast
    84 | D        | Noticed a dread
    84 | D        | Killed a meat berserker
    85 | D        | Noticed a dread
    85 | D        | Noticed a large bag of meat
    85 | D        | Killed a meat berserker
    86 | D        | Noticed a large bag of meat
    86 | D        | Killed a meat berserker
    86 | D        | Killed a large bag of meat
    87 | D        | Noticed a bag of meat
    87 | D        | Noticed a bag of meat
    87 | D        | Killed a meat beast
    88 | D        | Noticed a meat beast
    89 | D        | Killed a meat beast
    89 | D        | Killed a destroyer
    89 | D        | Killed a bag of meat
    89 | D        | Reached XP level 27. HP: 272/272 MP: 21/49
    90 | D        | Killed an eight-headed meat hydra
    90 | D        | Killed a dread
    92 | D        | Noticed a bag of meat
    92 | D        | Killed a wretched soul
    92 | D        | Killed a meat beast
    93 | D        | Killed from afar by a wretched soul

Action                   |  1- 3 |  4- 6 |  7- 9 | 10-12 | 13-15 | 16-18 | 19-21 | 22-24 | 25-27 || total
-------------------------+-------+-------+-------+-------+-------+-------+-------+-------+-------++-------
Melee: Executioner's axe |     1 |       |       |     1 |     6 |    11 |    12 |    12 |    12 ||    55
  Use: Potion            |     1 |       |       |       |       |       |       |       |       ||     1
  Eat: Chunk             |       |       |       |       |       |       |       |     1 |       ||     1
